 Dungeon Crawl Stone Soup version 0.29.1-1-gd02db6906a (webtiles) character file.

Game seed: 16865337092805054811

12582 Hadkhar the Geomancer (level 11, 0/96 HPs)
             Began as a Gargoyle Earth Elementalist on Oct 18, 2022.
             Was a Believer of Vehumet.
             Slain by a wolf (7 damage)
             ... on level 9 of the Dungeon.
             The game lasted 01:30:07 (13853 turns).

Hadkhar the Geomancer (GrEE)                       Turns: 13853, Time: 01:30:07

Health: 0/96       AC: 25    Str: 12    XL:     11   Next: 95%
Magic:  18/24      EV:  2    Int: 26    God:    Vehumet [**....]
Gold:   400        SH:  5    Dex: 10    Spells: 17/29 levels left

rFire   . . .      SeeInvis .   R - +7 scimitar (flame)
rCold   . . .      Faith    .   (no shield)
rNeg    + . .      Spirit   .   (body armour currently unavailable)
rPois   ∞          Reflect  +   (helmet currently unavailable)
rElec   .          Harm     .   (cloak currently unavailable)
rCorr   .          Rampage  .   (gloves currently unavailable)
Will    +....      NoTele   +   (boots currently unavailable)
Stlth   ++++......              m - amulet of reflection
HPRegen 0.26/turn               i - +6 ring of intelligence
MPRegen 0.19/turn               T - ring of willpower

@: tree-form (expiring)
A: stationary, stasis, torment immunity, boosted hp, sickness immunity, AC +8,
negative energy resistance 1, (electricity resistance), torment resistance 1,
petrification resistance
a: Renounce Religion


You were on level 9 of the Dungeon.
You worshipped Vehumet.
Vehumet was pleased with you.
You were a tree.
You visited 3 branches of the dungeon, and saw 12 of its levels.
You also visited: Bailey.

You collected 505 gold pieces.
You spent 105 gold pieces at shops.

Inventory:

Hand Weapons
 R - a +7 scimitar of flaming (weapon)
Armour
 f - a +0 pair of boots (melded)
 H - a +0 cloak (melded)
 I - a +0 pair of gloves (melded)
 K - a +2 robe of willpower
 Q - +0 steam dragon scales (melded)
 S - a +0 helmet (melded)
Magical Staves
 D - a staff of earth
Jewellery
 i - a +6 ring of intelligence (left branch)
 m - an amulet of reflection (around neck)
 T - a ring of willpower (right branch)
Wands
 o - a wand of mindburst (13) (quivered)
 U - a wand of charming (7)
 W - a wand of flame (21)
 X - a wand of digging (5)
 Y - a wand of polymorph (8)
Scrolls
 c - a scroll of silence {unknown}
 d - 2 scrolls of butterflies {unknown}
 e - 2 scrolls of enchant armour {unknown}
 h - 3 scrolls of immolation
 j - a scroll of blinking {unknown}
 q - a scroll of noise {unknown}
 y - a scroll of brand weapon {unknown}
 B - 3 scrolls of magic mapping {unknown}
 C - a scroll of fear {unknown}
 E - a scroll of torment {unknown}
 G - 2 scrolls of teleportation {unknown}
 J - a scroll of summoning {unknown}
 P - a scroll of vulnerability {unknown}
Potions
 b - 3 potions of magic
 g - 3 potions of flight
 k - 4 potions of might
 n - 8 potions of mutation
 p - 6 potions of curing
 r - 2 potions of invisibility
 s - 3 potions of lignification
 u - 2 potions of brilliance
 w - 3 potions of heal wounds
 z - 3 potions of attraction
 A - 5 potions of degeneration
 L - a potion of cancellation {unknown}
 M - a potion of resistance
 N - 9 potions of haste {unknown}


   Skills:
 * Level 6.1 Fighting
 - Level 1.5 Dodging
 + Level 10.7 Stealth
 + Level 9.9 Spellcasting
 + Level 9.5 Conjurations
 - Level 0.7 Transmutations
 - Level 12.0 Earth Magic


You had 17 spell levels left.
You knew the following spells:

 Your Spells              Type           Power      Damage    Failure   Level
a - Sandblast             Erth           100%       2d20      1%          1
b - Stone Arrow           Conj/Erth      100%       3d13      1%          3
c - Passwall              Tmut/Erth      38%        N/A       1%          2
d - Petrify               Tmut/Erth      46%        N/A       3%          4
e - Blink                 Tloc           24%        N/A       7%          2

Your spell library contained the following spells:

 Spells                   Type           Power      Damage    Failure   Level
 Searing Ray              Conj           100%       2d8       1%          2
 Apportation              Tloc           24%        N/A       4%          1
 Necrotise                Necr           48%        1d6       4%          1
 Sting                    Tmut/Pois      56%        1d5       4%          1
 Summon Small Mammal      Summ           48%        N/A       4%          1
 Poisonous Vapours        Pois/Air       24%        N/A       7%          2
 Lesser Beckoning         Tloc           12%        N/A       14%         3
 Olgreb's Toxic Radiance  Pois           12%        N/A       43%         4
 Manifold Assault         Tloc           12%        N/A       78%         5


Dungeon Overview and Level Annotations

Branches:
Dungeon (10/15)            Temple (1/1) D:7            Lair (1/5) D:9
 Bailey (visited)
    Orc: D:9-12

Altars:
Ashenzari
Cheibriados
Dithmenos
Elyvilon
Fedhas
Gozag
Hepliaklqana
Kikubaaqudgha
Makhleb
Nemelex Xobeh
Okawaru
Qazlal
Ru
Sif Muna
Trog
Uskayaw
Vehumet
Wu Jian
Xom
Yredelemnul
Zin
The Shining One

Shops:
D:6 ([*


Innate Abilities, Weirdness & Mutations

You are a tree.
Your roots penetrate the ground, keeping you stationary.
You cannot be teleported.
You are immune to unholy pain and torment.
Your maximum health is greatly increased.
Your equipment is partially melded.
You are immune to sickness and miasma.
((Your stone body is resilient. (AC +8)))
You are immune to poison.
You resist negative energy. (rN+)
((You are resistant to electric shocks. (rElec)))
You are resistant to unholy torment.
You are immune to petrification.


Message History

The wolf bites you.
* * * LOW HITPOINT WARNING * * *
You closely miss the wolf. The wolf bites you.
* * * LOW HITPOINT WARNING * * *
The wolf bites you but does no damage. x4
You barely miss the wolf.
The wolf bites you but does no damage. x2
You block the wolf's attack. The wolf bites you but does no damage.
You closely miss the wolf. You block the wolf's attack.
The wolf bites you but does no damage. x4; You block the wolf's attack.
You hit the wolf. You burn the wolf. You punch the wolf.
The wolf is moderately wounded.
The wolf bites you but does no damage. The wolf bites you.
* * * LOW HITPOINT WARNING * * *
The wolf bites you.
* * * LOW HITPOINT WARNING * * *
You block the wolf's attack.
You closely miss the wolf.
The wolf is moderately wounded.
The wolf bites you.
* * * LOW HITPOINT WARNING * * *
The wolf bites you but does no damage. x2; You block the wolf's attack.
You barely miss the wolf.
The wolf is moderately wounded.
The wolf bites you.
* * * LOW HITPOINT WARNING * * *
You block the wolf's attack. The wolf bites you but does no damage.
You block the wolf's attack. The wolf bites you but does no damage.
The wolf bites you.
* * * LOW HITPOINT WARNING * * *
You slash the wolf! You burn the wolf.
The wolf is almost dead.
Your transformation is almost over.
The wolf bites you but does no damage. x3; The wolf bites you.
* * * LOW HITPOINT WARNING * * *
You miss the wolf.
The wolf is severely wounded.
The wolf bites you but does no damage. The wolf barely misses you.
You block the wolf's attack.
The wolf bites you but does no damage. x2
The wolf bites you!
You die...

......'..#......# #.#
......####......# #.# ......#
#......# #.## ......#
#......# #..# ......#
#......# ##.# #'#####
#......# #.# ..# #......#
#.## .## ###+##h## #..## .#
#..#h♣# ##..# .# ##.h### ##.#
###### ##..# ##'### .....#
########'## #....# .....#
#.........# #....#
.....###.........# #....#
.....'.#.........# #....#
.....#.#.........#######....#
.....#.'.........'.....'....#


You could see 3 wolves.

Vanquished Creatures
  A two-headed ogre (D:9)
  Erica (D:9)
  Pikel (D:9)
  2 trolls
  A hornet (D:6)
  Sigmund (D:3)
  A shadow (D:9)
  2 wraiths
  2 wyverns (D:10)
  15 yaks
  4 vampire mosquitoes (D:10)
  3 steam dragons
  4 orc warriors
  3 water moccasins
  2 ice beasts (D:6)
  2 sky beasts (D:6)
  A black bear (D:4)
  2 ogres
  2 wolves
  A centaur (D:8)
  A lemure (D:9)
  2 kobold brigands
  2 phantoms
  A necrophage (D:7)
  3 scorpions
  3 bullfrogs
  A gnoll sergeant (D:7)
  3 wights (D:8)
  12 killer bees
  5 howler monkeys
  2 electric eels (D:7)
  2 hounds
  4 orc priests
  2 gnoll boudas (D:7)
  3 iguanas
  6 orc wizards
  22 gnolls
  7 adders
  A shadow imp (D:6)
  A white imp (D:6)
  2 worms (D:3)
  44 orcs
  7 endoplasms
  3 giant cockroaches
  7 hobgoblins
  5 jackals
  12 kobolds
  2 quokkas
  6 ball pythons
  5 bats
  3 frilled lizards
  5 goblins
235 creatures vanquished.

Vanquished Creatures (others)
  A fungus (D:3)
  5 plants
6 creatures vanquished.

Grand Total: 241 creatures vanquished

Notes
Turn   | Place    | Note
-------+----------+-------------------------------------------
     0 | D:1      | Hadkhar the Gargoyle Earth Elementalist began the quest for
                  | the Orb.
     0 | D:1      | Reached XP level 1. HP: 10/10 MP: 3/3
   290 | D:1      | Reached skill level 4 in Earth Magic
   290 | D:1      | Reached XP level 2. HP: 9/15 MP: 3/5
  1107 | D:1      | Reached XP level 3. HP: 19/19 MP: 4/6
  2278 | D:3      | Reached XP level 4. HP: 22/24 MP: 2/7
  2414 | D:3      | Noticed Sigmund
  2804 | D:3      | Found a sacrificial altar of Ru.
  2831 | D:3      | Reached skill level 1 in Conjurations
  2979 | D:3      | Reached skill level 5 in Earth Magic
  3019 | D:3      | Found a faded altar of an unknown god.
  3066 | D:3      | Reached XP level 5. HP: 28/28 MP: 3/9
  3199 | D:3      | Killed Sigmund
  3200 | D:3      | Reached skill level 6 in Earth Magic
  3200 | D:3      | Reached XP level 6. HP: 23/32 MP: 10/10
  3328 | D:3      | Learned a level 3 spell: Stone Arrow
  4000 | D:4      | Noticed a black bear
  4009 | D:4      | Killed a black bear
  4095 | D:4      | Found a shimmering altar of Xom.
  4388 | D:4      | Reached XP level 7. HP: 36/36 MP: 8/12
  4576 | D:4      | Reached skill level 7 in Earth Magic
  4895 | D:5      | Entered Level 5 of the Dungeon
  5154 | D:5      | Reached skill level 5 in Stealth
  5581 | D:5      | Learned a level 2 spell: Passwall
  5729 | D:5      | Reached XP level 8. HP: 41/41 MP: 9/14
  6121 | D:6      | Reached skill level 8 in Earth Magic
  6452 | D:6      | Found Xuemoug's Antique Armour Boutique.
  6454 | D:6      | Found a blossoming altar of Fedhas.
  6456 | D:6      | Found a shadowy altar of Dithmenos.
  6456 | D:6      | Found a glowing silver altar of Zin.
  6477 | D:6      | Found Penyjusu's General Store.
  6569 | D:6      | Bought a runed robe for 81 gold pieces
  6624 | D:6      | Bought a scroll of identify for 24 gold pieces
  6677 | D:6      | Noticed a hornet
  6682 | D:6      | Killed a hornet
  6683 | D:6      | Reached skill level 9 in Earth Magic
  6783 | D:6      | Found Nawn's Antique Weapon Shop.
  6834 | D:6      | Reached skill level 5 in Conjurations
  6834 | D:6      | Reached XP level 9. HP: 45/45 MP: 6/16
  6922 | D:6      | Found a burning altar of Makhleb.
  7043 | D:6      | Reached skill level 5 in Spellcasting
  7234 | D:7      | Learned a level 4 spell: Petrify
  7493 | D:7      | Found a flagged portal.
  7504 | Bailey   | Entered a bailey
  7742 | Bailey   | Reached skill level 10 in Earth Magic
  7862 | Bailey   | Reached skill level 11 in Earth Magic
  7862 | Bailey   | Reached XP level 10. HP: 50/50 MP: 17/22
  8764 | D:7      | Found a staircase to the Ecumenical Temple.
  8900 | Temple   | Entered the Ecumenical Temple
  9204 | Temple   | Became a worshipper of Vehumet
 10216 | D:8      | Reached skill level 12 in Earth Magic
 10434 | D:8      | Reached XP level 11. HP: 55/55 MP: 17/24
 10502 | D:8      | Reached skill level 1 in Fighting
 10632 | D:9      | Noticed a two-headed ogre
 10639 | D:9      | Killed a two-headed ogre
 10831 | D:9      | Identified the ring "Rienk" {rElec rPois}
 10842 | D:9      | Reached * piety under Vehumet
 10842 | D:9      | Offered knowledge of Shock by Vehumet.
 11264 | D:9      | Reached skill level 10 in Stealth
 11641 | D:9      | Noticed Erica
 11645 | D:9      | Killed Erica
 11733 | D:9      | Noticed Pikel
 11739 | D:9      | Killed Pikel
 11823 | D:9      | Found a staircase to the Lair.
 11962 | D:10     | Entered Level 10 of the Dungeon
 12579 | D:10     | Reached skill level 5 in Fighting
 12658 | D:10     | Offered knowledge of Searing Ray by Vehumet.
 12878 | D:10     | Reached ** piety under Vehumet
 13353 | D:10     | Learned a level 2 spell: Blink
 13830 | Lair:1   | Entered Level 1 of the Lair of Beasts
 13830 | Lair:1   | Noticed a five-headed hydra
 13853 | D:9      | Slain by a wolf

Illustrated notes

Levels and vault maps discovered:
D:1:      nzn_arrival_crosshair, layout_basic
D:2:      layout_basic
D:3:      minmay_skewed_foursquare, layout_basic, nicolae_ru_awakened_eye,
          shapermc_ecumenical_altar_mp_urbaneastern, uniq_sigmund
D:4:      layout_gridville, mainiacjoe_overflow_paths, hangedman_minor_gate_pass
D:5:      layout_basic
D:6:      layout_rooms, nicolae_overflow_hidden_temple,
          gammafunk_temple_overflow_forgotten, serial_shops,
          nicolae_diamond_shop, shop, nicolae_shop_statue_plus
D:7:      layout_loops_ring, minmay_temple_entry_waves, enter_bailey_2,
          kennysheep_decorative_pillar, hangedman_decor_lopped,
          serial_bayou_pond_b
D:8:      layout_gridville
D:9:      layout_roguey, lair_entry_dummy, chequers_serial_rivers_room_a,
          uniq_erica, uniq_pikel
D:10:     layout_layer_cave, blue_anna_alchemist
Temple:   minmay_temple_bridge_d
Lair:1:   beast_lair_carwin_large_2, layout_hall_layers, serial_bayou_shore_a

Skill      XL: |  1  2  3  4  5  6  7  8  9 10 11 |
---------------+----------------------------------+-----
Earth Magic    | 4 5 6 7 9 11 12 | 12.0
Stealth        | 3 4 5 6 9 10 | 10.7
Conjurations   | 1 2 3 5 8 9 |  9.5
Spellcasting   | 3 4 8 9 |  9.9
Fighting       | 6 |  6.1
Dodging        | |  1.5
Transmutations | |  0.7

Action                   |  1- 3 |  4- 6 |  7- 9 | 10-12 || total
-------------------------+-------+-------+-------+-------++-------
Melee: Club              |    23 |       |       |       ||    23
       Spear             |     5 |       |       |       ||     5
       Mace              |       |     6 |       |       ||     6
       Halberd           |       |    47 |    19 |     2 ||    68
       Staff             |       |       |     1 |       ||     1
       Scimitar          |       |       |       |    13 ||    13
       Punch             |       |       |       |     1 ||     1
 Cast: Sandblast         |    46 |    38 |    82 |   128 ||   294
       Stone Arrow       |       |     2 |    18 |    70 ||    90
       Passwall          |       |       |     4 |     1 ||     5
       Blink             |       |       |       |     1 ||     1
       Petrify           |       |       |       |     1 ||     1
Evoke: Wand              |       |     4 |       |       ||     4
  Use: Scroll            |       |       |     7 |     7 ||    14
       Potion            |       |       |     1 |     2 ||     3
 Stab: Sleeping          |       |     1 |     1 |       ||     2
Armor: Robe              |    25 |    26 |    18 |     1 ||    70
       Steam dragon scal |       |       |       |    42 ||    42
       Skin              |       |       |       |    33 ||    33
Dodge: Dodged            |    46 |    33 |    30 |    87 ||   196
Block: Other             |       |    15 |    19 |    47 ||    81
       Reflection        |       |       |       |     1 ||     1
